[Event "Hungary Olimpic Hopes 2022"]
[Site "Tapolca"]
[Date "2022.06.24"]
[Round "4.2"]
[White "Csernyik, Mark"]
[Black "Kolimar, Kristof Pal"]
[Result "1-0"]
[ECO "B43"]
[WhiteElo "1988"]
[BlackElo "2203"]
[Annotator "TA"]
[PlyCount "65"]
[EventDate "2022.06.23"]
[EventType "swiss"]
[EventCountry "HUN"]
[SourceTitle "playchess.com"]
[Source "ChessBase"]
[SourceQuality "1"]
[TimeControl "5400+30"]

1. e4 c5 2. Nf3 e6 3. d4 cxd4 4. Nxd4 a6 5. Nc3 Qc7 6. Bd3 Nf6 7. O-O Bc5 8. Nb3 Be7 9. f4 d6 10. e5 {[%emt 0:01:08] B43: Sicilian: Kan Variation: 5 Nc3.} dxe5 11. fxe5 Nfd7 12. Qg4 {[%emt 0:00:28] The position is equal.} g6 13. Bf4 {[%emt 0:03:01] is the legacy move (13.Bh6).} Nc6 (13... Nxe5 $5 14. Qg3 f6 $11) 14. Rae1 Ndxe5 15. Qg3 f6 16. Ne4 {[%emt 0:06:28] [#]} O-O $146 ({Predecessor:} 16... f5 17. Nd4 Qb6 18. Bxe5 O-O 19. Kh1 Nxe5 20. Qxe5 fxe4 21. Bc4 Bd6 22. Nxe6 {1-0 (22) Van Haastert,E (2430)-Lemmers,O (2382) Netherlands 2011}) 17. h4 Qb6+ (17... f5 $5 18. Ng5 Bd6 $15) 18. Kh1 Nxd3 19. cxd3 Kg7 {[%emt 0:24:03] Against Bh6+. aiming for ...e5.} 20. h5 (20. Bc7 $11 {remains equal.} Qb5 21. d4) 20... Qb5 (20... e5 $17 21. Be3 Qd8) 21. h6+ $1 $11 ({Wrong is} 21. Bh6+ $2 Kxh6 22. Rf4 g5 $19) 21... Kh8 {[#] White must now prevent ...e5.} 22. Bd6 Qh5+ 23. Kg1 {[%emt 0:01:03] Bxe7 is the strong threat.} Qxh6 (23... Bxd6 $1 $11 24. Qxd6 Qxh6) 24. Bxe7 $16 {[%emt 0:00:20] White is much more active. The black rooks are badly placed.} Nxe7 25. Rxf6 {[%emt 0:01:00] [#] Strongly threatening Qd6.} Rxf6 (25... b6 $16) 26. Nxf6 $18 {[%cal Be4f6,Bf6e8,Be8c7,Bc7e6][%mdl 32] And now Qd6 would win. Pair of Knights!} Nc6 $2 {A mistake that costs the game.} (26... Qg7 $16 27. Ne8 Nf5) 27. d4 Qg7 28. Ne8 Qf7 29. Nc7 Ra7 (29... Rb8 $142 30. d5 e5 31. dxc6 Qxc7 32. Rxe5 Be6) 30. d5 b6 (30... e5 $2 31. dxc6 bxc6 32. Qxe5+ Kg8 33. Qe8+ Qxe8 34. Rxe8+) 31. Nxe6 (31. dxc6 Qxc7 32. Qc3+ Qg7 $16) 31... Ne7 (31... Bxe6 $142 32. Rxe6 Ne7) 32. Rf1 Nf5 33. Qc3+ {[%emt 0:00:11] Weighted Error Value: White=0.17 (very precise) /Black=0.66} 1-0

[Event "Hungary Olimpic Hopes 2022"]
[Site "Tapolca"]
[Date "2022.06.24"]
[Round "4.3"]
[White "Szegedy, Matyas"]
[Black "Herczeg, Marcell"]
[Result "1/2-1/2"]
[ECO "C50"]
[WhiteElo "2046"]
[BlackElo "2045"]
[Annotator "NA RC"]
[PlyCount "54"]
[EventDate "2022.06.23"]
[EventType "swiss"]
[EventCountry "HUN"]
[SourceTitle "playchess.com"]
[Source "ChessBase"]
[SourceQuality "1"]
[TimeControl "5400+30"]

1. e4 e5 2. Nf3 Nc6 3. Bc4 Bc5 4. O-O Nf6 5. d3 d6 6. c3 a6 7. Bb3 O-O 8. h3 h6 9. Re1 Re8 10. Nbd2 Be6 11. Bxe6 Rxe6 12. b4 Ba7 13. Qc2 Ne7 14. Nf1 d5 15. Be3 Bxe3 $11 16. Nxe3 c6 17. a4 Ng6 18. g3 Qd7 19. Kg2 dxe4 20. dxe4 a5 21. bxa5 Rxa5 22. Rab1 Re8 23. Rb4 Rea8 24. Reb1 R5a7 25. Nd2 c5 26. Rb5 Rxa4 27. Rxb7 Ra2 1/2-1/2

[Event "Hungary Olimpic Hopes 2022"]
[Site "Tapolca"]
[Date "2022.06.24"]
[Round "4.4"]
[White "Bodrogi, Bendeguz"]
[Black "Szakmary, Domonkos"]
[Result "1/2-1/2"]
[ECO "A04"]
[WhiteElo "2198"]
[BlackElo "1934"]
[Annotator "TA"]
[PlyCount "63"]
[EventDate "2022.06.23"]
[EventType "swiss"]
[EventCountry "HUN"]
[SourceTitle "playchess.com"]
[Source "ChessBase"]
[SourceQuality "1"]
[TimeControl "5400+30"]

1. Nf3 c5 2. c4 Nc6 3. d4 cxd4 4. Nxd4 Nf6 5. Nc3 a6 6. g3 e6 7. Bg2 Bc5 {[%emt 0:02:14] A33: Symmetrical English: 2 Nf3 Nf6 3 d4 cxd4 4 Nxd4 e6 5 Nc3 Nc6.} 8. Nb3 Be7 9. O-O O-O {[%emt 0:01:25] White is slightly better.} 10. e4 d6 11. h3 Qc7 12. Qe2 {[%emt 0:03:37] [#]} b6 $146 ({Predecessor:} 12... Ne5 13. Nd2 Bd7 14. f4 Nc6 15. Nb3 Rac8 16. Be3 Na5 17. Nxa5 Qxa5 18. Rfd1 Bc6 {0-1 (38) Scarella,E (2380)-Nogueiras Santiago,J (2550) San Martin 1995}) 13. Be3 Rb8 14. Rac1 Ne5 15. Nd2 Bb7 16. f4 Ng6 17. Bf3 Rfe8 18. a4 (18. Rfd1 $16) 18... Rbc8 19. Qf2 Bd8 20. Rcd1 Ba8 21. h4 Qb8 (21... Ne7 $14) 22. h5 $16 Nf8 23. Ra1 (23. h6 $16) 23... N6d7 (23... h6 $1 $11) 24. Qe2 (24. h6 $16) 24... Bc7 {[%emt 0:02:24] [#]} (24... Bf6 $11) 25. Rfd1 {[%emt 0:02:58] White is more active.} (25. h6 $1 $16) 25... Nf6 (25... h6 $14) 26. Bf2 ({White should play} 26. h6 $16) 26... Rcd8 (26... h6 $1 $11) 27. Nf1 (27. h6 $16) 27... Qc8 (27... h6 $11 {keeps the balance.}) 28. Rac1 N8d7 29. Rc2 Qb8 30. Rcd2 Bb7 {[%emt 0:01:18] [#]} (30... h6 $14) 31. Bg2 ({White should try} 31. g4 $1) 31... Qa8 32. Be3 $2 {[%emt 0:00:45] Weighted Error Value: White=0.40/Black=0.38} (32. g4 $16 {keeps the pressure on.} h6 33. g5 hxg5 34. fxg5) 1/2-1/2

[Event "Hungary Olimpic Hopes 2022"]
[Site "Tapolca"]
[Date "2022.06.24"]
[Round "4.5"]
[White "Kovacs, Reka"]
[Black "Szarvas, Nora Orsolya"]
[Result "1/2-1/2"]
[ECO "B54"]
[WhiteElo "1685"]
[BlackElo "1669"]
[Annotator "NA RC"]
[PlyCount "107"]
[EventDate "2022.06.23"]
[EventType "swiss"]
[EventCountry "HUN"]
[SourceTitle "playchess.com"]
[Source "ChessBase"]
[SourceQuality "1"]
[TimeControl "5400+30"]

1. e4 c5 2. Nf3 d6 3. d4 cxd4 4. Nxd4 Nf6 5. f3 Nc6 6. c4 e5 7. Nc2 Be6 8. Be2 Be7 9. Be3 O-O 10. O-O Rc8 11. Nc3 Na5 12. b3 b6 13. Rc1 Qd7 14. Qd2 Rfd8 15. Rfd1 Qb7 16. Nd5 Bxd5 17. cxd5 Qd7 18. Nb4 Rxc1 19. Rxc1 Rc8 20. Ba6 Rc7 21. Rxc7 Qxc7 22. Qc1 Qxc1+ 23. Bxc1 Ne8 24. Be3 Nc7 25. Bd3 Kf8 26. Na6 Ne8 27. Bb5 Bf6 28. Bxe8 Kxe8 29. Nc7+ Kd7 30. Nb5 a6 31. Bxb6 axb5 32. Bxa5 Bg5 33. Kf2 Kc8 34. Ke2 Kb7 35. Kd3 Ka6 36. Bb4 Be7 37. f4 f6 38. Ke3 Kb6 39. Kf3 exf4 40. Kxf4 g6 41. g4 Kc7 42. Bc3 Kb6 43. b4 Kc7 44. h4 Kd7 45. Kg3 Kc7 46. Bd2 Bf8 47. Be3 Kb7 48. Bd4 Be7 49. Kf4 Kc7 50. g5 fxg5+ 51. hxg5 Kd7 52. Bc3 Ke8 53. a3 Kd7 54. Bd4 1/2-1/2

[Event "Hungary Olimpic Hopes 2022"]
[Site "Tapolca"]
[Date "2022.06.24"]
[Round "4.6"]
[White "Beznicza, Mira"]
[Black "Balazs, Sztella Anna"]
[Result "1/2-1/2"]
[ECO "C01"]
[WhiteElo "1635"]
[BlackElo "1572"]
[Annotator "NA RC"]
[PlyCount "119"]
[EventDate "2022.06.23"]
[EventType "swiss"]
[EventCountry "HUN"]
[SourceTitle "playchess.com"]
[Source "ChessBase"]
[SourceQuality "1"]
[TimeControl "5400+30"]

1. e4 e6 2. d4 d5 3. exd5 exd5 4. c4 Nf6 5. Nf3 Bb4+ 6. Bd2 Bxd2+ 7. Nbxd2 O-O 8. Be2 dxc4 9. Nxc4 Bf5 10. O-O Nc6 11. Nce5 Ne7 12. Bc4 Ne4 13. Qb3 Nd6 14. Ng5 Nxc4 15. Qxc4 Nd5 16. Ngf3 Be6 17. Qc2 c6 18. Rfe1 Nb4 19. Qa4 Qd6 20. a3 Nd5 21. Qc2 h6 22. Rad1 Rad8 23. Nd2 Ne7 24. Ne4 Qc7 25. Nc5 Bf5 26. Qc4 Rd5 27. Re3 Rfd8 28. Rde1 Nc8 29. Nb3 Nd6 30. Qe2 Nb5 31. Nf3 Be6 32. Nc5 Bf5 33. Re7 Bd7 34. Ne5 Nxd4 35. Qh5 g6 36. Qh4 Nf5 37. Qf6 Nxe7 38. Qxf7+ Kh8 39. Qxe7 Rxe5 40. Qf6+ Kh7 41. Rxe5 Be6 42. h3 Rd1+ 43. Kh2 Re1 44. f4 Rxe5 45. fxe5 Bd5 46. Ne6 Bxe6 47. Qxe6 Kg7 48. Qf6+ Kh7 49. Qd6 Qf7 50. e6 Qf6 51. Qd7+ Kg8 52. Qe8+ Kg7 53. Qd7+ Kg8 54. e7 Qf4+ 55. Kg1 Qc1+ 56. Kh2 Qf4+ 57. Kg1 Qc1+ 58. Kf2 Qxb2+ 59. Ke1 Qe5+ 60. Kf1 1/2-1/2

[Event "Hungary Olimpic Hopes 2022"]
[Site "Tapolca"]
[Date "2022.06.24"]
[Round "4.7"]
[White "Toth, Timea"]
[Black "Eros, Vivien"]
[Result "0-1"]
[ECO "B30"]
[WhiteElo "1964"]
[BlackElo "1592"]
[Annotator "NA RC"]
[PlyCount "94"]
[EventDate "2022.06.23"]
[EventType "swiss"]
[EventCountry "HUN"]
[SourceTitle "playchess.com"]
[Source "ChessBase"]
[SourceQuality "1"]
[TimeControl "5400+30"]

1. e4 c5 2. Nf3 Nc6 3. c3 d5 4. exd5 Qxd5 5. d4 Nf6 6. dxc5 Qxd1+ 7. Kxd1 Bg4 8. Be2 O-O-O+ 9. Ke1 e6 10. b4 a5 (10... g6 $11) 11. a3 $14 g6 12. Be3 Bg7 13. Nd4 Bxe2 14. Kxe2 Ne4 15. Nxc6 bxc6 16. Rc1 Kb7 17. f3 Nf6 18. Nd2 Ra8 19. Ra2 Nd5 20. Ne4 f5 21. Nd6+ Kc7 22. Bd2 axb4 23. cxb4 Rhb8 24. Rcc2 Be5 25. g3 Bxd6 26. cxd6+ Kxd6 27. f4 Ra6 28. Bc3 Rba8 29. Be5+ Kd7 30. b5 cxb5 31. Rab2 Rc6 32. Rxc6 Kxc6 33. Rb3 Nb6 34. Kd3 Nc4 35. a4 Nxe5+ 36. fxe5 bxa4 37. Rb1 a3 38. Kd4 Ra4+ 39. Kc3 a2 40. Ra1 Kd5 41. Kb3 Ra8 42. Rxa2 Rxa2 43. Kxa2 Kxe5 44. Kb3 Kd4 45. Kc2 Ke3 46. Kd1 Kf2 47. Kd2 e5 0-1

[Event "Hungary Olimpic Hopes 2022"]
[Site "Tapolca"]
[Date "2022.06.24"]
[Round "4.8"]
[White "Karacsonyi, Luca"]
[Black "Lazsadi, Kerka Lilla"]
[Result "0-1"]
[ECO "C02"]
[WhiteElo "1834"]
[BlackElo "1755"]
[Annotator "NA RC"]
[PlyCount "76"]
[EventDate "2022.06.23"]
[EventType "swiss"]
[EventCountry "HUN"]
[SourceTitle "playchess.com"]
[Source "ChessBase"]
[SourceQuality "1"]
[TimeControl "5400+30"]

1. e4 e6 2. d4 d5 3. e5 c5 4. c3 Nc6 5. Nf3 Bd7 6. Be2 cxd4 7. cxd4 Nh6 (7... Nge7 $11) 8. Nc3 f6 9. Be3 fxe5 10. Nxe5 Nxe5 11. dxe5 Nf7 (11... Nf5 $11) 12. Qd4 (12. f4 $14) 12... b6 {[%emt 0:02:40] [#]} (12... Rc8 $11) 13. b4 (13. Nxd5 $1 $14 {was preferrable.} exd5 14. Qxd5) 13... g6 (13... a5 $5 14. b5 Bc5 $11) 14. O-O Bg7 15. f4 $11 O-O 16. Kh1 Nh6 17. Bf2 Qe7 18. a3 Rac8 19. Rac1 Nf5 20. Qd2 Bc6 21. Bd3 Bh6 22. g4 d4+ 23. Ne4 Qb7 24. gxf5 Bxe4+ 25. Kg1 Rxc1 26. Rxc1 Bxd3 27. Qxd3 Bxf4 28. Re1 Rxf5 29. Qxd4 Rg5+ 30. Bg3 Bxg3 31. Qd8+ Kg7 32. Qxg5 Bxe1 33. Qf6+ Kh6 34. Qf4+ Kh5 35. Qe3 Bh4 36. Qe2+ Kh6 37. Qg4 Qe7 38. Qc4 Qg5+ 0-1

[Event "Hungary Olimpic Hopes 2022"]
[Site "Tapolca"]
[Date "2022.06.24"]
[Round "4.9"]
[White "Juhasz, Edmond"]
[Black "Bod, Marton"]
[Result "0-1"]
[ECO "B40"]
[WhiteElo "1479"]
[BlackElo "1738"]
[Annotator "NA RC"]
[PlyCount "48"]
[EventDate "2022.06.23"]
[EventType "swiss"]
[EventCountry "HUN"]
[SourceTitle "playchess.com"]
[Source "ChessBase"]
[SourceQuality "1"]
[TimeControl "5400+30"]

1. e4 c5 2. Nf3 e6 3. Nc3 Nc6 4. Bb5 g6 5. d3 Bg7 6. Bxc6 bxc6 7. Be3 Rb8 8. Rb1 Rxb2 9. Rxb2 Bxc3+ 10. Nd2 Bxb2 11. Bxc5 Qa5 12. Qb1 Bc3 13. Be3 Ne7 14. Bh6 Qh5 15. Be3 O-O 16. h3 Ba6 17. g4 Qa5 18. f4 Qb4 19. Qd1 Rb8 20. Ke2 Bxd2 21. Bxd2 Qxe4+ 22. Kf2 Qa4 23. h4 Rb2 24. Qf3 Qxc2 0-1

[Event "Hungary Olimpic Hopes 2022"]
[Site "Tapolca"]
[Date "2022.06.24"]
[Round "4.10"]
[White "Berla, Zoltan Mate"]
[Black "Lehocz, Jozsef Jr."]
[Result "1/2-1/2"]
[ECO "B00"]
[WhiteElo "1454"]
[BlackElo "1963"]
[Annotator "NA RC"]
[PlyCount "75"]
[EventDate "2022.06.23"]
[EventType "swiss"]
[EventCountry "HUN"]
[SourceTitle "playchess.com"]
[Source "ChessBase"]
[SourceQuality "1"]
[TimeControl "5400+30"]

1. e4 b6 2. d4 Bb7 3. Bd3 e6 4. Nf3 Nf6 5. Nbd2 d5 6. Qe2 Be7 7. e5 Nfd7 8. c3 c5 9. O-O Nc6 10. b3 Qc7 11. Bb2 h6 12. Bb5 a6 13. Bxc6 (13. Bd3 $11) 13... Bxc6 14. c4 O-O 15. cxd5 Bxd5 16. Rac1 Qb7 17. Rfe1 Rfd8 18. Ba3 Rac8 $15 19. Ne4 Bf8 20. Bb2 b5 21. Nfd2 Qa7 22. Nc3 Bb7 23. d5 b4 24. dxe6 fxe6 25. Nce4 Nb6 26. Qg4 Bd5 27. Qg6 Be7 28. Nf6+ Bxf6 29. exf6 Qf7 30. Qg3 g6 31. Qh4 Kh7 32. Nf3 Bxf3 33. gxf3 Rd2 34. Be5 Nd5 35. Rc4 Rxa2 36. Qxh6+ Kxh6 37. Rh4+ Kg5 38. Ree4 1/2-1/2

[Event "Hungary Olimpic Hopes 2022"]
[Site "Tapolca"]
[Date "2022.06.24"]
[Round "4.11"]
[White "Feher, Botond"]
[Black "Bardics, Marko"]
[Result "1-0"]
[ECO "B21"]
[WhiteElo "1792"]
[BlackElo "1417"]
[Annotator "NA RC"]
[PlyCount "37"]
[EventDate "2022.06.23"]
[EventType "swiss"]
[EventCountry "HUN"]
[SourceTitle "playchess.com"]
[Source "ChessBase"]
[SourceQuality "1"]
[TimeControl "5400+30"]

1. e4 c5 2. d4 cxd4 3. c3 dxc3 4. Nxc3 Nc6 5. Nf3 e6 6. Bc4 d6 7. O-O Be7 8. Qe2 Ne5 9. Nxe5 dxe5 10. Rd1 Qc7 11. Bb5+ Kf8 12. Be3 Nf6 13. Rac1 Qb8 14. Ba4 b6 15. Nb5 a6 16. Nc7 Ra7 17. Qc2 h6 18. Qc6 Rb7 19. Nxa6 1-0

[Event "Hungary Olimpic Hopes 2022"]
[Site "Tapolca"]
[Date "2022.06.24"]
[Round "4.12"]
[White "Kasa, Barnabas"]
[Black "Karacsonyi, Bank"]
[Result "0-1"]
[ECO "C52"]
[WhiteElo "1323"]
[BlackElo "1812"]
[Annotator "NA RC"]
[PlyCount "121"]
[EventDate "2022.06.23"]
[EventType "swiss"]
[EventCountry "HUN"]
[SourceTitle "playchess.com"]
[Source "ChessBase"]
[SourceQuality "1"]
[TimeControl "5400+30"]

1. e4 e5 2. Nf3 Nc6 3. Bc4 Bc5 4. b4 Bxb4 5. c3 Ba5 6. d4 $11 d6 7. O-O Bb6 8. dxe5 dxe5 9. Qb3 Qf6 10. a4 Na5 11. Qb5+ {[%emt 0:05:08] [#]} ({White should try} 11. Qa2 $1 $15) 11... c6 $1 12. Qxe5+ Qxe5 13. Nxe5 {[%emt 0:00:15] [#]} Nxc4 ({Better is} 13... f6 $1 $17 14. Bf7+ Kf8 15. Bxg8 (15. Ba3+ $2 Ne7 $19) 15... Kxg8) 14. Nxc4 Bc5 (14... Bc7 $1 $11) 15. Ba3 Bxa3 16. Nbxa3 Ke7 17. e5 Be6 18. Rab1 b6 19. f4 Nh6 20. Nd6 f5 21. Rfd1 Rad8 22. a5 b5 23. c4 a6 24. cxb5 axb5 25. Rdc1 Bd5 26. Nc2 Ra8 27. Ra1 Rhb8 28. Nb4 Kd7 29. Rc5 Ra7 30. a6 Rb6 31. Nxd5 cxd5 32. Nxb5 Rbxa6 33. Rxa6 Rxa6 34. Rc7+ Kd8 35. Rc5 Ra1+ 36. Kf2 Ng4+ 37. Kg3 Rd1 38. Rc3 d4 39. Ra3 g5 40. Ra8+ Kd7 41. Ra3 h6 42. h3 Ne3 43. e6+ Ke7 44. fxg5 hxg5 45. Ra7+ Kxe6 46. Ra6+ Ke5 47. Kf3 Nd5 48. Ra3 Rb1 49. Na7 Rb6 50. Nc8 Rc6 51. Na7 Rc5 52. Ke2 Ke4 53. Rg3 Nc3+ 54. Kd2 f4 55. Rf3 Rc7 56. Rf1 Rxa7 57. Re1+ Kd5 58. Kd3 Ne4 59. Rb1 Ra3+ 60. Kc2 Kc4 61. Rc1 0-1

[Event "Hungary Olimpic Hopes 2022"]
[Site "Tapolca"]
[Date "2022.06.24"]
[Round "4.13"]
[White "Molnar, Dalma Reka"]
[Black "Balazs, Szabina Zoe"]
[Result "0-1"]
[ECO "C11"]
[WhiteElo "1554"]
[BlackElo "1426"]
[Annotator "NA RC"]
[PlyCount "112"]
[EventDate "2022.06.23"]
[EventType "swiss"]
[EventCountry "HUN"]
[SourceTitle "playchess.com"]
[Source "ChessBase"]
[SourceQuality "1"]
[TimeControl "5400+30"]

1. e4 e6 2. Nf3 d5 3. Nc3 Nf6 4. e5 Nfd7 5. d4 c5 6. Ne2 Nc6 7. c3 Qb6 8. h4 h6 9. g3 Be7 10. Bh3 a6 11. O-O Qc7 12. Be3 b5 13. a3 a5 14. Qd2 a4 15. b4 axb3 16. dxc5 Ncxe5 17. Nxe5 Nxe5 18. Qb2 Nc4 19. Qxb3 Nxe3 20. fxe3 Qxc5 21. Rf3 Bd7 22. Raf1 O-O 23. Qb2 Qxa3 24. Qd2 Bc6 25. Rf4 Ra4 26. Nd4 Be8 27. R4f3 Bf6 28. h5 b4 29. cxb4 Qxb4 30. Qc2 Bxd4 31. exd4 Qxd4+ 32. Kh1 Ra1 33. Qe2 Rxf1+ 34. Qxf1 Qe4 35. Bg2 Qg4 36. Kg1 Qxh5 37. Rc3 Qe5 38. Rf3 Bc6 39. Qc1 Ba8 40. Rd3 d4 41. Bxa8 Rxa8 42. Qd1 Rd8 43. Kg2 Qd5+ 44. Kh2 e5 45. Qe1 e4 46. Rd1 d3 47. Rd2 Qd4 48. Rd1 e3 49. Kh3 d2 50. Qe2 Qd3 51. Qxd3 Rxd3 52. Kg2 e2 53. Ra1 e1=Q 54. Rxe1 dxe1=Q 55. g4 Qe2+ 56. Kg1 Rd1# 0-1

[Event "Hungary Olimpic Hopes 2022"]
[Site "Tapolca"]
[Date "2022.06.24"]
[Round "4.15"]
[White "Balogh, Gerda"]
[Black "Hangyal, Dora"]
[Result "1-0"]
[ECO "B32"]
[WhiteElo "1531"]
[BlackElo "1163"]
[Annotator "NA RC"]
[PlyCount "113"]
[EventDate "2022.06.23"]
[EventType "swiss"]
[EventCountry "HUN"]
[SourceTitle "playchess.com"]
[Source "ChessBase"]
[SourceQuality "1"]
[TimeControl "5400+30"]

1. e4 c5 2. Nf3 Nc6 3. d4 cxd4 4. Nxd4 Qb6 5. Nb3 Nf6 6. Nc3 e6 7. a3 Be7 8. Be2 O-O 9. O-O a6 10. Be3 Qd8 11. Nd4 d5 12. f3 Bc5 13. Qd2 dxe4 14. Rad1 Qe7 15. Nxc6 bxc6 16. fxe4 e5 17. Kh1 h6 18. Bxc5 Qxc5 19. Qd6 Qb6 20. Na4 Qa7 21. Rxf6 gxf6 22. Qxf6 Qe3 23. Bd3 Qg5 24. Qxg5+ hxg5 25. Rf1 Be6 26. Nc5 Rfe8 27. Rf3 Rab8 28. b3 a5 29. a4 Kf8 30. Ba6 Ke7 31. Bb7 Red8 32. h3 Rd2 33. Nxe6 Kxe6 34. Bxc6 f6 35. Bd5+ Ke7 36. Rc3 Kd6 37. Rc6+ Ke7 38. Re6+ Kd7 39. Rxf6 Rxc2 40. Rf5 g4 41. Rf7+ Ke8 42. Rg7 gxh3 43. Rg8+ Ke7 44. Rxb8 hxg2+ 45. Kg1 Kd6 46. Rb5 Rd2 47. Rxa5 Rb2 48. Ra6+ Kc5 49. Rg6 Rb1+ 50. Kh2 g1=Q+ 51. Rxg1 Rb2+ 52. Rg2 Rb1 53. Ra2 Kb6 54. a5+ Ka7 55. a6 Rc1 56. Kg2 Rc5 57. Kg3 1-0

[Event "Hungary Olimpic Hopes 2022"]
[Site "Tapolca"]
[Date "2022.06.24"]
[Round "4.16"]
[White "Toth, Kinga"]
[Black "Kiss, Inez"]
[Result "1-0"]
[ECO "B13"]
[WhiteElo "1179"]
[BlackElo "1469"]
[Annotator "NA RC"]
[PlyCount "87"]
[EventDate "2022.06.23"]
[EventType "swiss"]
[EventCountry "HUN"]
[SourceTitle "playchess.com"]
[Source "ChessBase"]
[SourceQuality "1"]
[TimeControl "5400+30"]

1. e4 c6 2. d4 d5 3. exd5 cxd5 4. Bd3 Nc6 5. c3 Nf6 6. h3 e5 7. dxe5 Nxe5 8. Qe2 Qe7 9. Bb5+ Bd7 10. Bxd7+ Nexd7 11. Be3 Qe6 12. Nf3 Bc5 13. O-O Bxe3 14. fxe3 O-O 15. Nbd2 Rfe8 16. Rae1 Re7 17. Nd4 Qb6 18. b4 Rc8 19. Rc1 Rce8 20. Rf3 Ne5 21. Rg3 g6 22. Nf5 Rc7 23. Kh2 Kh8 24. Nh6 d4 25. e4 dxc3 26. Nf3 Nxf3+ 27. Qxf3 Rxe4 28. Rxc3 Re1 29. Rc5 Rxc5 30. bxc5 Qc6 31. Qc3 Re6 32. Nxf7+ Kg8 33. Nh6+ Kg7 34. Nf5+ Kg8 35. Qc4 Kf8 36. Nd4 Re4 37. Rf3 Qc7+ 38. g3 Qd8 39. Ne6+ Rxe6 40. Qxe6 Qd2+ 41. Kg1 Qd1+ 42. Kg2 Qd2+ 43. Rf2 Qd4 44. Rxf6+ 1-0

[Event "Hungary Olimpic Hopes 2022"]
[Site "Tapolca"]
[Date "2022.06.24"]
[Round "4.17"]
[White "Hangay, Oliver"]
[Black "Szollosi, Balazs"]
[Result "1-0"]
[ECO "B33"]
[WhiteElo "1627"]
[BlackElo "1294"]
[Annotator "NA COMBH RC"]
[PlyCount "195"]
[EventDate "2022.06.23"]
[EventType "swiss"]
[EventCountry "HUN"]
[SourceTitle "playchess.com"]
[Source "ChessBase"]
[SourceQuality "1"]
[TimeControl "5400+30"]

1. e4 c5 2. Nf3 Nc6 3. d4 cxd4 4. Nxd4 Nf6 5. Nc3 e5 6. Ndb5 d6 7. Bg5 a6 8. Na3 b5 9. Nd5 Be7 10. Bxf6 Bxf6 11. c3 Bb7 12. Nc2 O-O 13. Nce3 Bg5 14. Bd3 Bxe3 15. Nxe3 b4 16. Nf5 bxc3 17. bxc3 Ne7 18. Nxe7+ Qxe7 19. O-O Rfd8 20. Qc2 Rac8 21. Rab1 Rc7 22. Rb6 h6 23. Rfb1 d5 24. exd5 Rxd5 25. Bxa6 Bxa6 26. Rxa6 Rcd7 27. Ra8+ Rd8 28. Rbb8 e4 29. Rxd8+ Rxd8 30. Rxd8+ Qxd8 31. Kf1 Qd5 32. c4 Qe5 33. h3 e3 34. fxe3 Qxe3 35. Qe2 Qf4+ 36. Kg1 Qd4+ 37. Kh2 Qd6+ 38. Kh1 Qa3 39. Qe8+ Kh7 40. Qxf7 Qxa2 41. Qd5 Qc2 42. c5 Qc1+ 43. Kh2 Qf4+ 44. Kg1 Qe3+ 45. Kf1 Qc1+ 46. Ke2 Qc2+ 47. Ke3 Qc1+ 48. Ke4 Qe1+ 49. Kd4 Qf2+ 50. Ke5 Qg3+ 51. Ke6 Qg6+ 52. Kd7 Qa6 53. c6 Qa4 54. Qd6 Kh8 55. Qb8+ Kh7 56. Qb7 Kh8 57. Kc8 Kh7 58. Kb8 Qf4+ 59. c7 Kh8 60. Kc8 Qf5+ 61. Kd8 Qf6+ 62. Kd7 Qf7+ 63. Kc6 Qc4+ 64. Kb6 Qb4+ 65. Ka7 Qa5+ 66. Kb8 Qe5 67. g4 Kh7 68. Qb6 Kh8 69. Qb4 Kh7 70. Qb1+ Kh8 71. Qb6 Kh7 72. Kb7 Qd5+ 73. Qc6 Qb3+ 74. Ka6 Qa3+ 75. Kb5 Qb3+ 76. Kc5 Qe3+ 77. Kd6 Qd4+ 78. Ke7 Qe5+ 79. Kd7 Qd4+ 80. Kc8 Qa7 81. Qe4+ Kh8 82. Qd5 Kh7 83. Kd8 Qb6 84. h4 Kh8 85. g5 hxg5 86. hxg5 Kh7 87. Qd7 Kh8 88. Qe7 Kh7 89. Qe4+ Kh8 90. Qe5 Kh7 91. Kd7 Qb7 92. Qf5+ g6 93. Qf7+ Kh8 94. Kd8 Qc8+ 95. Ke7 Qxc7+ 96. Kf6 Qf4+ 97. Kxg6 Qxg5+ {[%emt 0:00:15] Check Result:?ev?} 98. Kxg5 1-0

[Event "Hungary Olimpic Hopes 2022"]
[Site "Tapolca"]
[Date "2022.06.24"]
[Round "4.18"]
[White "Meszaros-Csonka, David"]
[Black "Minga-Nagy, Abel Inti"]
[Result "0-1"]
[ECO "A43"]
[WhiteElo "1413"]
[BlackElo "1364"]
[Annotator "NA RC"]
[PlyCount "94"]
[EventDate "2022.06.23"]
[EventType "swiss"]
[EventCountry "HUN"]
[SourceTitle "playchess.com"]
[Source "ChessBase"]
[SourceQuality "1"]
[TimeControl "5400+30"]

1. d4 c5 2. c3 cxd4 3. cxd4 d5 4. Nc3 Nf6 5. Nf3 Bf5 6. Qb3 Qb6 7. Nxd5 Qxb3 8. Nxf6+ exf6 9. axb3 Bc2 10. Bd2 Bxb3 11. e3 Bd6 12. Bd3 O-O 13. O-O Nc6 14. Rfc1 Rfe8 15. Bc4 Bxc4 16. Rxc4 Rac8 17. Rac1 Ne7 18. Rxc8 Rxc8 19. Rxc8+ Nxc8 20. e4 Nb6 21. b3 Kf8 22. Kf1 Ke7 23. Ke2 Nd7 24. Kd3 b5 25. h4 Nf8 26. g3 h5 27. Nh2 Ke6 28. f4 f5 29. d5+ Ke7 30. e5 Bc5 31. Be3 Bxe3 32. Kxe3 Nd7 33. Kd4 a5 34. Nf3 a4 35. bxa4 bxa4 36. d6+ Ke8 37. Kc3 Nc5 38. Kb4 Ne4 39. Kxa4 Nxg3 40. Nd4 Kd7 41. Kb5 g6 42. Nf3 Ne2 43. Ng5 Nxf4 44. Nxf7 Ne6 45. Nh8 g5 46. Nf7 gxh4 47. Nh6 Ng7 0-1

[Event "Hungary Olimpic Hopes 2022"]
[Site "Tapolca"]
[Date "2022.06.24"]
[Round "4.19"]
[White "Illes-Nagy, Nora"]
[Black "Biro, Csilla"]
[Result "1-0"]
[ECO "D35"]
[WhiteElo "1297"]
[BlackElo "1162"]
[Annotator "NA RC"]
[PlyCount "71"]
[EventDate "2022.06.23"]
[EventType "swiss"]
[EventCountry "HUN"]
[SourceTitle "playchess.com"]
[Source "ChessBase"]
[SourceQuality "1"]
[TimeControl "5400+30"]

1. d4 e6 2. c4 d5 3. Nc3 Nf6 4. cxd5 exd5 5. Bg5 Be7 6. e3 O-O 7. Qc2 h6 8. Bf4 c5 9. Nf3 Nc6 10. dxc5 Bxc5 11. Rd1 Re8 12. Nxd5 Nxd5 13. Qxc5 Be6 14. Bc4 Ncb4 15. Bxd5 Nxd5 16. O-O Qf6 17. Be5 Qg6 18. Rxd5 Bxd5 19. Qxd5 Qb6 20. Bd4 Qa6 21. a3 Red8 22. Qe5 f6 23. Qg3 Rac8 24. h3 Qe6 25. Bc3 a6 26. Nd4 Qb6 27. Qg6 Rd5 28. Nf5 Rc7 29. Nxh6+ Kh8 30. h4 Qc6 31. Ng4 Rcd7 32. Nxf6 gxf6 33. Bxf6+ Qxf6 34. Qxf6+ Rg7 35. Qh6+ Kg8 36. Qe6+ 1-0

[Event "Hungary Olimpic Hopes 2022"]
[Site "Tapolca"]
[Date "2022.06.24"]
[Round "4.20"]
[White "Hangyal, Anna"]
[Black "Ferenczy, Nora"]
[Result "1-0"]
[ECO "B48"]
[WhiteElo "1105"]
[BlackElo "1059"]
[Annotator "NA RC"]
[PlyCount "101"]
[EventDate "2022.06.23"]
[EventType "swiss"]
[EventCountry "HUN"]
[SourceTitle "playchess.com"]
[Source "ChessBase"]
[SourceQuality "1"]
[TimeControl "5400+30"]

1. e4 c5 2. Nf3 e6 3. d4 cxd4 4. Nxd4 Nc6 5. Nc3 Qc7 6. Be3 Bb4 7. Nxc6 bxc6 8. Qd4 Bxc3+ 9. Qxc3 Nf6 10. Bd3 O-O 11. Bd4 Qd8 12. Be3 Ng4 13. Bf4 Bb7 14. Be2 Nf6 15. Bg5 Nxe4 16. Bxd8 Nxc3 17. Be7 Rfe8 18. Bb4 Nxe2 19. Kxe2 a5 20. Bd6 Rac8 21. Rad1 c5 22. f3 e5 23. Rd2 f6 24. Kf2 Ba6 25. c3 Bc4 26. b3 Bb5 27. Rd5 e4 28. c4 Bc6 29. Rxc5 e3+ 30. Ke2 Re6 31. Rd1 g6 32. Rxa5 Rce8 33. b4 f5 34. Bf4 R8e7 35. Rd3 Kg7 36. Raa3 h6 37. Bb8 Re8 38. Ba7 f4 39. b5 Bb7 40. Rxd7+ R8e7 41. Rxe7+ Rxe7 42. Bc5 Rc7 43. Bd4+ Kf7 44. c5 g5 45. c6 Bc8 46. Ra7 Rxa7 47. Bxa7 Ke7 48. b6 Ba6+ 49. Ke1 Kd6 50. b7 Kxc6 51. b8=Q 1-0